 Dungeon Crawl Stone Soup version 0.26.0-10-g1f06aea511 (webtiles) character file.

Game seed: 315370977548802849

203 Borgoz the Slasher (level 5, -1/45 HPs)
             Began as a Ghoul Gladiator on Jan 18, 2021.
             Killed by divine providence
             ... invoked by an orc priest
              (16 damage)
             ... on level 3 of the Dungeon.
             The game lasted 00:03:18 (3282 turns).

Borgoz the Slasher (Ghoul Gladiator)                Turns: 3282, Time: 00:03:19

Health: -1/45      AC:  9    Str: 18    XL:     5   Next: 81%
Magic:  4/4        EV: 11    Int:  3    God:
Gold:   196        SH:  0    Dex: 11    Spells: 4/4 levels left

rFire    . . .     SeeInvis .   a - +2 long sword
rCold    + . .     Faith    .   (no shield)
rNeg     + + +     Spirit   .   h - +0 scale mail
rPois    ∞         Reflect  .   g - +2 helmet
rElec    .         Harm     .   (no cloak)
rCorr    +         Rampage  .   (no gloves)
Will     .....                  (no boots)
Stlth    ..........             (no amulet)
HPRegen  0.00/turn              n - ring of resist corrosion
MPRegen  0.09/turn              (no ring)

@: attractive
A: claws 1, cold resistance 1, negative energy resistance 3, inhibited
regeneration, torment resistance, unbreathing
a: no special abilities


You were on level 3 of the Dungeon.
You visited 1 branch of the dungeon, and saw 3 of its levels.

You collected 196 gold pieces.

Inventory:

Hand Weapons
 a - a +2 long sword (weapon)
Missiles
 d - 2 throwing nets (quivered)
Armour
 g - a +2 helmet (worn)
 h - a +0 scale mail (worn)
Jewellery
 j - an uncursed ring of fire
 n - a ring of resist corrosion (left claw)
Scrolls
 f - a scroll of teleportation
Potions
 b - a potion of curing
 i - a potion of degeneration {unknown}
 k - a potion of heal wounds {unknown}
 o - a potion of berserk rage {unknown}


   Skills:
 + Level 3.4 Fighting
 * Level 4.2 Long Blades
 - Level 1.7 Throwing
 + Level 1.8 Armour
 + Level 3.4 Dodging


You had 4 spell levels left.
You didn't know any spells.
Your spell library was empty.

Dungeon Overview and Level Annotations

Branches:
Dungeon (3/15)

Altars:
Fedhas
Gozag
Nemelex Xobeh
Qazlal


Innate Abilities, Weirdness & Mutations

You thrive by killing the living.
You are immune to poison.
You have sharp fingernails.
Your flesh is cold resistant. (rC+)
You are immune to negative energy. (rN+++)
You do not regenerate when monsters are visible.
You are immune to unholy pain and torment.
You can survive without breathing.


Message History

The orc priest completely misses you.
You feel better.
The orc priest calls upon Beogh to heal the orc priest.
The orc priest is healed somewhat.
You hit the orc.
The orc is heavily wounded.
The orc priest calls upon Beogh to heal the orc priest.
The orc priest's wounds heal themselves!
You completely miss the orc.
The orc is heavily wounded.
The orc hits you with a +0 falchion.
The orc priest mumbles some strange prayers to Beogh against you.
Beogh smites you! The orc hits you with a +0 falchion.
You closely miss the orc.
The orc is heavily wounded.
The orc priest calls upon Beogh to heal the orc.
The orc's wounds heal themselves!
The orc priest mumbles some strange prayers to Beogh against you.
Beogh smites you!
You die...

#
##.......##
#..###.#
##.....##
#...##.#
##...##
#.#.##.#
##+##
#.#.##.#
#.#.##.#
#......#
###.####
.###o#####.#
....ooo@...#
.###.#######


You could see 2 orc priests and 2 orcs.

Vanquished Creatures
  An orc priest (D:3)
  Robin (D:3)
  3 gnolls (D:2)
  7 adders
  An ooze (D:2)
  A worm (D:3)
  2 dart slugs
  A leopard gecko (D:2)
  6 orcs (D:3)
  5 bats
  A giant cockroach (D:3)
  6 hobgoblins
  5 kobolds
  4 frilled lizards
  10 goblins
  11 rats
65 creatures vanquished.

Notes
Turn   | Place    | Note
-------+----------+-------------------------------------------
     0 | D:1      | Borgoz the Ghoul Gladiator began the quest for the Orb.
     0 | D:1      | Reached XP level 1. HP: 17/17 MP: 0/0
   596 | D:2      | Reached skill level 3 in Long Blades
   596 | D:2      | Reached XP level 2. HP: 17/25 MP: 1/1
   718 | D:2      | Reached XP level 3. HP: 7/30 MP: 2/2
   725 | D:2      | Reached skill level 1 in Armour
  1099 | D:2      | Reached XP level 4. HP: 37/37 MP: 3/3
  1723 | D:2      | Found a sparkling altar of Nemelex Xobeh.
  1724 | D:2      | Found an opulent altar of Gozag.
  1759 | D:2      | Found a stormy altar of Qazlal.
  2209 | D:3      | Reached XP level 5. HP: 40/45 MP: 4/4
  2274 | D:3      | Found a blossoming altar of Fedhas.
  2635 | D:3      | Reached skill level 4 in Long Blades
  3116 | D:3      | Noticed Robin
  3124 | D:3      | Killed Robin
  3282 | D:3      | Killed from afar by an orc priest

Illustrated notes

Levels and vault maps discovered:
D:1:      minmay_arrival_arboretum_small, layout_loops_ring
D:2:      layout_rooms, grunt_temple_overflow_opulence,
          nicolae_qazlal_eye_of_the_storm
D:3:      layout_loops_corners, lemuel_round_altar, grunt_ministairs_11,
          wander_ebering_terrifying_dragon_lair, uniq_robin

Skill      XL: |  1  2  3  4  5 |
---------------+----------------+-----
Long Blades    | 3 4 |  4.2
Armour         | 1 |  1.8
Dodging        | 3 |  3.4
Fighting       | 3 |  3.4
Throwing       | |  1.7

Action                   |  1- 3 |  4- 6 || total
-------------------------+-------+-------++-------
Melee: Long sword        |    65 |   149 ||   214
Throw: Throwing net      |       |     1 ||     1
  Use: Potion            |     2 |     4 ||     6
       Scroll            |     2 |     6 ||     8
Armor: Leather armour    |    21 |     8 ||    29
       Scale mail        |       |    48 ||    48
Dodge: Dodged            |    56 |    93 ||   149
       Rpst.: Long sword |    18 |    19 ||    37
